AoeStats
← waw15

Highland

504566862Analyzed
4v4 RM · 25d ago on Sep 5, 2026· 31m 18s· 8 players
Game mode
Random Map
Map size
Large (8 player)
Population
200
Speed
Normal
Resources
Standard
Victory
Conquest
Starting age
Dark Age
Ending age
Imperial Age
RankedLock teamsTeams togetherTeam positionsShared explorationLock speedFull tech treeHidden civsTurbo modeCheats
Victory
Defeat
🇹🇷 Spanish · Türkiye
1026
+12
🇺🇸 Huns · United States
1000
+13
934
+16
🇹🇷 Malians · Türkiye
893
+20
🇬🇧 Ethiopians · United Kingdom
960
-16
🇩🇪 Khmer · Germany
955
-43
🇵🇱 Aztecs · Poland
911
-14
🇬🇧 Slavs · United Kingdom
891
-13
KiNG_ALPA
9:52 Loom
12:04 Feudal Age
12:43 Horse Collar
12:50 Double-Bit Axe
21:25 Castle Age
22:27 Bow Saw
22:20 Heavy Plow
22:16 Gold Mining
23:28 Scale Barding Armor
24:39 Wheelbarrow
23:50 Town Watch
27:40 Gold Shaft Mining
27:01 Stone Mining
30:43 Imperial Age
28:41 Bloodlines
28:33 Husbandry
28:41 Scale Barding Armor
28:49 Forging
waw15
11:16 Feudal Age
9:39 Loom
16:07 Castle Age
15:21 Double-Bit Axe
15:18 Horse Collar
16:43 Bloodlines
20:38 Light Cavalry
23:16 Elite Skirmisher
26:22 Heavy Plow
26:34 Bow Saw
29:33 Pikeman
30:14 Squires
House of Bebu
12:00 Feudal Age
16:23 Castle Age
14:44 Double-Bit Axe
15:07 Horse Collar
17:35 Bow Saw
19:08 Heavy Plow
23:58 Wheelbarrow
23:08 Loom
24:14 Crossbowman
25:06 Fletching
25:18 Padded Archer Armor
25:16 Gold Mining
26:31 Hand Cart
27:17 Bodkin Arrow
28:21 Thumb Ring
30:25 Fortified Wall
30:34 Leather Archer Armor
PiotrekEs
6:47 Loom
9:46 Feudal Age
10:59 Double-Bit Axe
12:17 Gold Mining
13:26 Scale Mail Armor
15:46 Forging
23:23 Castle Age
21:09 Horse Collar
24:56 Bow Saw
26:30 Elite Skirmisher
29:53 Fletching
Dejavu
6:59 Loom
9:56 Feudal Age
11:19 Double-Bit Axe
11:55 Horse Collar
21:32 Castle Age
21:13 Bloodlines
20:54 Fletching
21:29 Gold Mining
23:56 Bodkin Arrow
24:55 Thumb Ring
25:47 Husbandry
27:10 Wheelbarrow
29:33 Ballistics
D
13:15 Feudal Age
13:41 Horse Collar
13:50 Double-Bit Axe
17:39 Forging
17:30 Scale Mail Armor
21:46 Stone Mining
32:49 Castle Age
elcalientamadres202
0:40 Loom
10:54 Feudal Age
11:21 Double-Bit Axe
11:18 Horse Collar
20:05 Gold Mining
21:31 Wheelbarrow
23:38 Scale Barding Armor
23:44 Forging
26:13 Castle Age
24:32 Bloodlines
27:29 Bow Saw
27:22 Heavy Plow
28:15 Husbandry
Genghis Khan
10:40 Feudal Age
15:48 Castle Age
14:35 Double-Bit Axe
14:44 Horse Collar
26:26 Stone Mining
Connection lost

Rejoining the realm…

Still unreachable

The connection could not be restored.

Session expired

The server has moved on; the page needs a fresh start.